 Dungeon Crawl Stone Soup version 0.25.1-2-g60ff931df9 (webtiles) character file.

Game seed: 15250463260910703904

3981 solopath the Carver (level 10, -8/73 HPs)
             Began as a Demonspawn Gladiator on Oct 28, 2020.
             Was a Priest of Trog.
             Mangled by a centaur
             ... wielding a +0 spear
              (13 damage)
             ... in a bailey.
             The game lasted 00:19:26 (9447 turns).

solopath the Carver (Demonspawn Gladiator)          Turns: 9447, Time: 00:19:27

Health: -8/73      AC:  9    Str: 15    XL:     10   Next: 2%
Magic:  10/10      EV: 14    Int: 12    God:    Trog [***...]
Gold:   398        SH:  0    Dex: 15    Spells: 9/9 levels left

rFire    . . .     SeeInvis +   e - +2 falchion
rCold    . . .     Gourm    .   (no shield)
rNeg     . . .     Faith    .   F - +2 robe "Hatwehox" {rElec SInv Stlth+}
rPois    .         Spirit   .   c - +1 helmet
rElec    +         Reflect  .   (no cloak)
rCorr    .         Harm     .   (no gloves)
MR       +....                  (no boots)
Stlth    ++++......             m - amulet of magic regeneration
HPRegen  0.22/turn              w - ring of protection from magic
MPRegen  0.37/turn              (no ring)

@: no status effects
A: talons 1, thin metallic scales 2, powered by death 2
a: Berserk, Trog's Hand, Renounce Religion


You were in a bailey.
You worshipped Trog.
Trog was most pleased with you.
You were very hungry.

You visited 1 branch of the dungeon, and saw 7 of its levels.
You also visited: Bailey.

You collected 398 gold pieces.

Inventory:

Hand Weapons
 a - a +1 long sword
 e - a +2 falchion (weapon)
 k - a +0 halberd
 q - a +0 trident
Missiles
 d - 3 throwing nets
 p - 4 javelins (quivered)
Armour
 b - a +0 leather armour
 c - a +1 helmet (worn)
 v - a +2 leather armour of fire resistance
 B - a +0 tower shield
 D - the +1 robe "Doreb" {Harm rPois MR+ Str+2 Dex+4}
   (You found it on level 6 of the Dungeon)

   It affects your strength (+2).
   It affects your dexterity (+4).
   It protects you from poison.
   It affects your resistance to hostile enchantments.
   It increases damage dealt and taken.
 F - the +2 robe "Hatwehox" (worn) {rElec SInv Stlth+}
   (You found it on level 6 of the Dungeon)

   It insulates you from electricity.
   It lets you see invisible.
   It makes you more stealthy.
Jewellery
 m - an amulet of magic regeneration (around neck)
 w - a ring of protection from magic (left hand)
Wands
 t - a wand of polymorph (7)
Scrolls
 i - 2 scrolls of identify
 j - 2 scrolls of enchant weapon
 o - 3 scrolls of remove curse
 r - 4 scrolls of amnesia
 y - a scroll of fear
Potions
 h - a potion of lignification
 l - a potion of berserk rage
 s - a potion of brilliance
 u - a potion of curing
 z - 3 potions of haste
 A - a potion of stabbing {unknown}
 E - a potion of resistance {unknown}
Comestibles
 f - 11 rations


   Skills:
 + Level 4.3 Fighting
 + Level 9.9 Long Blades
 - Level 1.7 Throwing
 + Level 4.5 Dodging
 - Level 5.0 Stealth
 + Level 5.9 Shields


You had 9 spell levels left.
You didn't know any spells.
Your spell library was empty.

Dungeon Overview and Level Annotations

Branches:
Dungeon (7/15)             Temple (0/1) D:4          Bailey (1/1)

Altars:
Cheibriados
Fedhas
Gozag
Kikubaaqudgha
Qazlal
Trog
Uskayaw
Wu Jian
Xom
Yredelemnul
The Shining One

Shops:
D:2 *

Annotations:
D:5 2 transporters, babuloseo's ghost, novice HuHu


Innate Abilities, Weirdness & Mutations

You have sharp toenails.
You are mostly covered in thin metallic scales. (AC +3)
You regenerate health from kills.


Message History

The centaur hits you but does no damage.
You hit the centaur but do no damage. You claw the centaur, but do no damage.
The centaur is lightly wounded.
The centaur closely misses you.
You hit the centaur but do no damage. Your kick misses the centaur.
The centaur is lightly wounded.
The centaur hits you with a +0 spear.
* * * LOW HITPOINT WARNING * * *
You hit the centaur but do no damage. You claw the centaur, but do no damage.
The centaur is lightly wounded.
The centaur misses you.
You riposte.
You hit the centaur. You claw the centaur, but do no damage.
The centaur is moderately wounded.
An orc comes into view. It is wielding a +0 trident.
You hit the centaur.
The centaur is moderately wounded.
The centaur hits you with a +0 spear.
* * * LOW HITPOINT WARNING * * *
The centaur hits you with a +0 spear!
You die...

≈≈≈≈≈≈≈..≈#...#≈).≈≈≈≈≈≈≈#
≈≈≈≈≈.o≈≈≈..)).≈≈≈).≈≈≈≈≈#
≈≈≈≈.≈≈≈.........≈≈≈.≈≈≈≈#
≈≈≈≈.≈.....≈≈≈.....≈)≈≈≈≈#
≈≈≈.≈≈.⌠..≈≈≈≈≈..⌠.≈≈.≈≈≈#
≈≈≈.≈.....≈≈≈≈≈.....≈)≈≈≈#
≈≈.≈≈....≈≈≈)≈≈≈..(.≈≈.≈≈#
≈≈.≈.....≈≈≈≈≈≈≈.....≈.≈≈#
≈≈.≈.....≈≈≈:≈≈≈@....≈.≈≈#
≈≈.≈.....≈≈≈(≈≈≈c....≈.≈≈#
≈≈.≈.....≈≈≈:≈≈≈.....≈.≈≈#
.≈≈≈≈≈≈≈.....≈.≈≈#
≈≈≈≈≈≈≈....≈≈.≈≈#
o≈≈≈≈≈.....≈.≈≈≈#
.≈≈≈≈≈..⌠.≈≈.≈≈≈#
.o≈≈≈.....≈.≈≈≈


You could see an orc warrior, a centaur and an orc.

Vanquished Creatures
  A two-headed ogre (D:6)
  10 orc warriors
  A phantom (D:6)
  A black bear (D:7)
  A tengu (Bailey)
  7 centaurs
  2 bullfrogs
  2 scorpions
  A killer bee (Bailey)
  5 wights (D:6)
  A howler monkey (D:4)
  4 crimson imps
  4 jellies
  A quasit (D:6)
  2 bullfrog skeletons (D:6)
  A centaur zombie (D:6)
  A bullfrog zombie (D:6)
  5 orc priests
  A centaur skeleton (D:6)
  2 worker ants
  A hound skeleton (D:6)
  A worker ant zombie (D:5)
  10 gnolls
  9 adders
  A river rat (Bailey)
  3 shadow imps
  2 oozes
  An adder skeleton (D:4)
  A worm (D:4)
  4 dart slugs
  A leopard gecko (D:5)
  33 orcs
  7 bats
  A bat zombie (D:4)
  7 giant cockroaches
  10 goblins
  5 hobgoblins
  10 jackals
  6 kobolds
  4 quokkas
  2 ball pythons
  7 frilled lizards
  A leopard gecko zombie (D:5)
  10 rats
190 creatures vanquished.

Notes
Turn   | Place    | Note
-------+----------+-------------------------------------------
     0 | D:1      | solopath the Demonspawn Gladiator began the quest for the
                  | Orb.
     0 | D:1      | Reached XP level 1. HP: 16/16 MP: 1/1
    65 | D:1      | Reached skill level 3 in Long Blades
   145 | D:1      | Gained mutation: You are partially covered in thin metallic
                  | scales. (AC +2) [demonic ancestry]
   145 | D:1      | Reached XP level 2. HP: 15/22 MP: 2/2
   363 | D:1      | Found a glowing golden altar of the Shining One.
   864 | D:2      | Reached XP level 3. HP: 27/27 MP: 3/3
   905 | D:2      | Reached skill level 4 in Long Blades
   931 | D:2      | Found Gozag's Platinum Reserve.
   931 | D:2      | Found an opulent altar of Gozag.
  1538 | D:2      | Gained mutation: You are mostly covered in thin metallic
                  | scales. (AC +3) [demonic ancestry]
  1538 | D:2      | Reached XP level 4. HP: 33/33 MP: 4/4
  1772 | D:3      | Gained mutation: You are clumsy. (Dex -2) [potion of
                  | mutation]
  1772 | D:3      | Lost mutation: You are clumsy. (Dex -2) [potion of
                  | mutation]
  1786 | D:3      | Reached skill level 5 in Long Blades
  1945 | D:3      | Gained mutation: You have sharp toenails. [demonic
                  | ancestry]
  1945 | D:3      | Reached XP level 5. HP: 34/38 MP: 5/5
  2356 | D:3      | Found a hide-covered altar of Uskayaw.
  2379 | D:3      | Found a blossoming altar of Fedhas.
  2410 | D:3      | Found a bloodstained altar of Trog.
  2411 | D:3      | Found an ornate altar of the Wu Jian Council.
  2616 | D:3      | Found a stormy altar of Qazlal.
  2616 | D:3      | Found a basalt altar of Yredelemnul.
  2647 | D:3      | Became a worshipper of Trog the Wrathful
  2666 | D:4      | Reached skill level 6 in Long Blades
  2688 | D:4      | Gained mutation: You regenerate a little health from kills.
                  | [demonic ancestry]
  2688 | D:4      | Reached XP level 6. HP: 44/44 MP: 6/6
  2834 | D:4      | HP: 1/44 [gnoll (5)]
  3409 | D:4      | Found a staircase to the Ecumenical Temple.
  3599 | D:5      | Entered Level 5 of the Dungeon
  3821 | D:5      | Reached skill level 7 in Long Blades
  4063 | D:4      | Found a snail-covered altar of Cheibriados.
  4168 | D:4      | Reached * piety under Trog
  4175 | D:4      | Found an ancient bone altar of Kikubaaqudgha.
  4364 | D:5      | Reached XP level 7. HP: 44/50 MP: 7/7
  4699 | D:5      | Found a transporter.
  4699 | D:5      | Noticed a hornet
  4704 | D:5      | Found a transporter.
  4704 | D:5      | Noticed babuloseo's ghost (novice HuHu)
  5342 | D:5      | Reached skill level 8 in Long Blades
  5342 | D:5      | Reached skill level 1 in Stealth
  5342 | D:5      | Reached skill level 1 in Shields
  5673 | D:6      | Reached XP level 8. HP: 51/56 MP: 8/8
  5707 | D:6      | Reached ** piety under Trog
  6087 | D:6      | Got a fine robe
  6091 | D:6      | Got an ominously black robe
  6102 | D:6      | Identified the cursed +1 robe "Doreb" {Harm rPois MR+ Str+2
                  | Dex+4} (You found it on level 6 of the Dungeon)
  6124 | D:6      | Identified the +2 robe "Hatwehox" {rElec SInv Stlth+} (You
                  | found it on level 6 of the Dungeon)
  6354 | D:6      | Noticed a two-headed ogre
  6366 | D:6      | Killed a two-headed ogre
  6366 | D:6      | Reached skill level 9 in Long Blades
  6366 | D:6      | Reached XP level 9. HP: 61/61 MP: 9/9
  6511 | D:6      | Reached skill level 5 in Stealth
  6797 | D:7      | Found a shimmering altar of Xom.
  6909 | D:7      | Reached skill level 5 in Shields
  6940 | D:7      | Found a flagged portal.
  6958 | Bailey   | Entered a bailey
  7288 | Bailey   | Reached *** piety under Trog
  9243 | Bailey   | Gained mutation: You regenerate health from kills. [demonic
                  | ancestry]
  9243 | Bailey   | Reached XP level 10. HP: 27/72 MP: 10/10
  9447 | Bailey   | Mangled by a centaur

Illustrated notes

Levels and vault maps discovered:
D:1:      saegor_arrival_simple_b, layout_basic, tso_metal_star
D:2:      layout_basic, nicolae_gozag_zags_fifth_avenue
D:3:      layout_basic, lemuel_round_altar, overflow_temple_1_default,
          nicolae_overflow_hidden_temple
D:4:      kennysheep_spiral_hall, layout_basic, kennysheep_slug_shrine,
          lemuel_zombie_altar_kikubaaqudgha,
          minmay_temple_entry_enclosed_plants, first_ration
D:5:      layout_cave_pools, gammafunk_ghost_hive
D:6:      layout_cave_pods
D:7:      layout_cave_pools, xom_teletrap_fun, serial_shops,
          nicolae_shop_crystal, enter_bailey_3
Bailey:   bailey_polearm_flooded_kennysheep, bailey

Skill      XL: |  1  2  3  4  5  6  7  8  9 |
---------------+----------------------------+-----
Long Blades    | 3 4 5 6 7 8 9 |  9.9
Stealth        | 2 4 5 |  5.0
Shields        | 2 4 5 |  5.9
Dodging        | 4 |  4.5
Fighting       | 4 |  4.3
Throwing       | |  1.7

Action                   |  1- 3 |  4- 6 |  7- 9 | 10-12 || total
-------------------------+-------+-------+-------+-------++-------
Melee: Long sword        |   132 |   197 |   117 |       ||   446
       Kick              |       |    54 |   111 |     3 ||   168
       Falchion          |       |       |   197 |     6 ||   203
       Trident           |       |       |    90 |    14 ||   104
Throw: Javelin           |       |       |     5 |     4 ||     9
Invok: Berserk           |       |       |    10 |       ||    10
       Trog's Hand       |       |       |     1 |       ||     1
Evoke: Wand              |       |       |     5 |       ||     5
  Use: Potion            |       |     5 |     4 |       ||     9
       Scroll            |       |       |    11 |       ||    11
 Stab: Sleeping          |     1 |       |     3 |       ||     4
       Distracted        |       |       |     2 |       ||     2
  Eat: Chunk             |     2 |     9 |    12 |       ||    23
       Ration            |       |       |     4 |       ||     4
Armor: Leather armour    |    66 |    80 |    50 |       ||   196
       Robe              |       |       |    96 |     2 ||    98
Dodge: Dodged            |   159 |   158 |   336 |    12 ||   665
       Rpst.: Long sword |    42 |    36 |    27 |       ||   105
       Falchion          |       |       |    29 |     1 ||    30
